 Dungeon Crawl Stone Soup version 0.31-a0-268-g4392ee761c (webtiles) character file.

Game seed: 7629159576309379766

77 qw the Shooter (level 4, 0/23 HPs)
             Began as a Gargoyle Hexslinger on July 14, 2023.
             Slain by a hobgoblin (1 damage)
             ... on level 3 of the Dungeon.
             The game lasted 00:00:53 (1580 turns).

qw the Shooter (Gargoyle Hexslinger)                Turns: 1580, Time: 00:00:53

Health: 0/23       AC:  7    Str: 12    XL:     4   Next: 34%
Magic:  5/5        EV: 12    Int: 13    God:
Gold:   103        SH:  0    Dex: 14    Spells: 4/5 levels left

rFire   . . .        Y - +3 sling
rCold   . . .        (no shield)
rNeg    + . .        c - +0 robe
rPois   inf          g - +2 hat
rElec   +            (no cloak)
rCorr   .            (no gloves)
SInv    .            (no boots)
Will    .....        (no amulet)
Stlth   +            (no ring)
HPRegen 0.23/turn    (no ring)
MPRegen 0.09/turn

%: no passive effects
@: no status effects
A: sickness immunity, AC +3, negative energy resistance 1, electricity
resistance, torment resistance 1, petrification resistance, frail 1, inability
to read after injury 1, MP-powered wands
a: no special abilities


You were on level 3 of the Dungeon.
You visited 1 branch of the dungeon, and saw 3 of its levels.

You collected 103 gold pieces.


Innate Abilities, Weirdness & Mutations

You are immune to sickness and miasma.
Your stone body is resilient. (AC +3)
You are immune to poison.
You resist negative energy. (rN+)
You are resistant to electric shocks. (rElec)
You are resistant to unholy torment.
You are immune to petrification.
You are frail. (-10% HP)
You occasionally lose the ability to read scrolls when taking damage.
You expend magic power (3 MP) to strengthen your wands.


   Skills:
 - Level 2.0 Fighting
 + Level 4.1 Ranged Weapons
 - Level 1.5 Dodging
 - Level 1.0 Spellcasting
 - Level 2.6 Hexes


You had 4 spell levels left.
You knew the following spells:

 Your Spells              Type           Power      Damage    Failure   Level
a - Slow                  Hex            28%        N/A       10%         1

Your spell library contained the following spells:

 Spells                   Type           Power      Damage    Failure   Level
 Inner Flame              Hex/Fire       4%         N/A       43%         3
 Portal Projectile        Hex/Tloc       8%         N/A       43%         3
 Cause Fear               Hex            3%         N/A       67%         4

Inventory:

Hand Weapons
 Y - a +3 sling (weapon)
Armour
 c - a +0 robe (worn)
 g - a +2 hat (worn)
Scrolls
 a - a scroll of teleportation {unknown}
 h - a scroll of identify
Potions
 b - a potion of cancellation {unknown}
 d - a potion of heal wounds {unknown}

Dungeon Overview and Level Annotations

Branches:
Dungeon (3/15)

Altars:
Hepliaklqana


Message History

The sling bullet closely misses the orc wizard.
The orc shouts!
The orc wizard shouts!
The orc shouts!
The sling bullet hits the endoplasm.
The endoplasm is severely wounded.
You shoot a sling bullet.
The sling bullet barely misses the orc wizard.
The sling bullet hits the endoplasm.
You kill the endoplasm!
The orc wizard hits you with a +2 dagger of draining.
You shoot a sling bullet. The sling bullet hits the orc wizard.
The orc wizard is heavily wounded.
The orc wizard closely misses you.
You shoot a sling bullet. The sling bullet hits the orc wizard.
The orc wizard is almost dead.
The orc hits you but does no damage.
The orc wizard points at you and mumbles some strange words.
The puff of flame hits you.
The hobgoblin hits you but does no damage.
The orc barely misses you.
The orc wizard gestures at you while chanting.
You are confused.
The orc wizard hits you but does no damage.
The orc closely misses you. The hobgoblin closely misses you.
The orc wizard points at you and mumbles some strange words.
The puff of flame hits you! The orc misses you. The hobgoblin misses you.
The orc wizard casts a spell at you. The puff of flame hits you.
The orc hits you but does no damage.
The hobgoblin hits you but does no damage.
The orc wizard hits you with a +2 dagger of draining.
The orc completely misses you. The hobgoblin misses you.
You feel less confused. The orc wizard barely misses you.
The orc closely misses you. The hobgoblin closely misses you.
You shoot a sling bullet.
The sling bullet barely misses the orc wizard.
The sling bullet hits the orc.
The orc is heavily wounded.
The orc wizard hits you with a +2 dagger of draining.
The orc barely misses you. The hobgoblin hits you.
You die...

#....... ###...>...
#.)....... ###.........
# ####...).......
...######..)...........
#...........#.........
#####...(.............
#g@.#####..........
#...ooo..........#.....
.....oo#....##....#...##
.........###........####
..!.....## ......# ##.
........ . . #..
........ #.. ##.#
....... ....#####..#
............


You could see 2 orc wizards, 3 orcs and a hobgoblin.

Vanquished Creatures
  3 worms (D:2)
  4 dart slugs
  3 orcs (D:3)
  2 endoplasms
  A giant cockroach (D:1)
  4 hobgoblins
  6 quokkas
  3 ball pythons
  7 bats
  A frilled lizard (D:1)
  2 goblins (D:1)
  4 kobolds (D:2)
  24 rats
64 creatures vanquished.

Notes
Turn   | Place    | Note
-------+----------+-------------------------------------------
     0 | D:1      | qw the Gargoyle Hexslinger began the quest for the Orb.
     0 | D:1      | Reached XP level 1. HP: 12/12 MP: 2/2
     0 | D:1      | 0 ||| qw: Version: 0.3-a-52-g30416fa
     0 | D:1      | 0 ||| qw: Game counter: 7932
     0 | D:1      | 0 ||| qw: Melee chars always use a shield: true
     0 | D:1      | 0 ||| qw: God list: Okawaru
     0 | D:1      | 0 ||| qw: Allow faded altars: false
     0 | D:1      | 0 ||| qw: Do Orc after clearing Dungeon:15 true
     0 | D:1      | 0 ||| qw: Do second Lair branch before Depths: true
     0 | D:1      | 0 ||| qw: Lair rune preference: random
     0 | D:1      | 0 ||| qw: Goals: Normal
     0 | D:1      | 0 ||| PLANNING D:1-11
   160 | D:1      | Reached XP level 2. HP: 16/16 MP: 3/3
   220 | D:1      | HP: 3/16 [rat (3)]
   249 | D:1      | 249 ||| FLEEEEING.
   250 | D:1      | 250 ||| FLEEEEING.
   251 | D:1      | 251 ||| FLEEEEING.
   252 | D:1      | 252 ||| FLEEEEING.
   253 | D:1      | 253 ||| FLEEEEING.
   254 | D:1      | 254 ||| FLEEEEING.
   255 | D:1      | 255 ||| FLEEEEING.
   256 | D:1      | 256 ||| FLEEEEING.
   257 | D:1      | 257 ||| FLEEEEING.
   258 | D:1      | 258 ||| FLEEEEING.
   259 | D:1      | 259 ||| FLEEEEING.
   260 | D:1      | 260 ||| FLEEEEING.
   261 | D:1      | 261 ||| FLEEEEING.
   262 | D:1      | 262 ||| FLEEEEING.
   263 | D:1      | 263 ||| FLEEEEING.
   264 | D:1      | 264 ||| FLEEEEING.
   265 | D:1      | 265 ||| FLEEEEING.
   266 | D:1      | 266 ||| FLEEEEING.
   267 | D:1      | 267 ||| FLEEEEING.
   268 | D:1      | 268 ||| FLEEEEING.
   269 | D:1      | 269 ||| FLEEEEING.
   270 | D:1      | 270 ||| FLEEEEING.
   271 | D:1      | 271 ||| FLEEEEING.
   272 | D:1      | 272 ||| FLEEEEING.
   273 | D:1      | 273 ||| FLEEEEING.
   274 | D:1      | 274 ||| FLEEEEING.
   275 | D:1      | 275 ||| FLEEEEING.
   276 | D:1      | 276 ||| FLEEEEING.
   286 | D:1      | Reached skill level 3 in Ranged Weapons
   663 | D:1      | Reached XP level 3. HP: 21/21 MP: 4/4
   825 | D:1      | 825 ||| UPGRADING to +2 hat.
   830 | D:1      | 830 ||| READING scroll labelled SIPLIL IMUI.
   831 | D:1      | 831 ||| READING scroll labelled LUHOISHENNI.
   932 | D:1      | 932 ||| READING 2 scrolls labelled CITAYL GALO.
   933 | D:1      | 933 ||| READING scroll labelled AFOIRCH RUGAPP.
   934 | D:1      | 934 ||| READING scroll labelled TAIMAUS NENUHOA.
   935 | D:1      | 935 ||| DRINKING 3 fizzy white potions.
   935 | D:1      | Gained mutation: You are occasionally teleported next to
                  | monsters. [potion of mutation]
   935 | D:1      | Gained mutation: You have large cloven feet. [potion of
                  | mutation]
   935 | D:1      | Gained mutation: You expend magic power (3 MP) to
                  | strengthen your wands. [potion of mutation]
   936 | D:1      | 936 ||| DRINKING 2 potions of mutation.
   936 | D:1      | Lost mutation: You have large cloven feet. [potion of
                  | mutation]
   936 | D:1      | Lost mutation: You are occasionally teleported next to
                  | monsters. [potion of mutation]
   936 | D:1      | Gained mutation: You occasionally lose the ability to read
                  | scrolls when taking damage. [potion of mutation]
   936 | D:1      | Gained mutation: Your muscles are strong. (Str +4, Int/Dex
                  | -1) [potion of mutation]
   936 | D:1      | Gained mutation: You have supernaturally acute eyesight.
                  | (SInv) [potion of mutation]
   937 | D:1      | 937 ||| DRINKING potion of mutation.
   937 | D:1      | Lost mutation: Your muscles are strong. (Str +4, Int/Dex
                  | -1) [potion of mutation]
   937 | D:1      | Lost mutation: You expend magic power (3 MP) to strengthen
                  | your wands. [potion of mutation]
   937 | D:1      | Lost mutation: You have supernaturally acute eyesight.
                  | (SInv) [potion of mutation]
   937 | D:1      | Gained mutation: You expend magic power (3 MP) to
                  | strengthen your wands. [potion of mutation]
   937 | D:1      | Gained mutation: You are frail. (-10% HP) [potion of
                  | mutation]
   938 | D:1      | 938 ||| DRINKING 2 viscous black potions.
   939 | D:1      | 939 ||| DROPPING scroll of poison.
   940 | D:1      | 940 ||| DROPPING potion of attraction.
  1188 | D:2      | 1188 ||| FLEEEEING.
  1298 | D:2      | Found a hazy altar of Hepliaklqana.
  1339 | D:2      | Reached XP level 4. HP: 23/23 MP: 5/5
  1469 | D:2      | 1469 ||| DROPPING +6 ring of intelligence.
  1470 | D:2      | 1470 ||| READING scroll labelled AJEIMO XUSO.
  1508 | D:3      | Reached skill level 4 in Ranged Weapons
  1537 | D:3      | 1537 ||| READING scroll of enchant weapon.
  1537 | D:3      | 1537 ||| ENCHANTING +2 sling.
  1578 | D:3      | HP: 2/23 [orc wizard/+2 dagger of draining (4)]
  1580 | D:3      | Slain by a hobgoblin

Levels and vault maps discovered:
D:1:      enne_arrival_octagon_isle, layout_loops_ring, hangedman_decor_growths,
          chequers_serial_rivers_large_a, minmay_misc_feat_pillars,
          minmay_tetromino_t2
D:2:      layout_rooms, basic_altar, minmay_rat_hole
D:3:      layout_rooms, kennysheep_decorative_pillar

Skill      XL: |  1  2  3  4 |
---------------+-------------+-----
Ranged Weapons | 3 4 |  4.1
Fighting       | 2 |  2.0
Dodging        | |  1.5
Spellcasting   | |  1.0
Hexes          | |  2.6

Action                     |  1- 3 |  4- 6 || total
---------------------------+-------+-------++-------
   Fire: Sling             |   168 |    33 ||   201
    Use: Scroll            |     5 |     2 ||     7
         Potion            |     4 |       ||     4
 Armour: Robe              |    26 |     7 ||    33
  Dodge: Dodged            |    73 |    15 ||    88

Table legend:
 A = Non-vault XP
 B = Vault XP
 C = Vault XP percentage of total XP
 D = Non-vault monster count
 E = Vault monster count
 F = Vault count percentage of total count
                 A         B        C        D         E       F
            +---------+---------+-------+---------+---------+-------
      Total |      87 |      24 |  21.6 |      43 |      21 |  32.8
            +---------+---------+-------+---------+---------+-------
        D:1 |      32 |       4 |  11.1 |      19 |       2 |   9.5
        D:2 |      37 |      20 |  35.1 |      15 |      19 |  55.9
        D:3 |      18 |       0 |   0.0 |       9 |       0 |   0.0
            +---------+---------+-------+---------+---------+-------
